 Dungeon Crawl Stone Soup version 0.22-a0-224-g8cf3520 (webtiles) character file.

2145 Azzok the Arsonist (level 9, -3/52 HPs)
             Began as a Deep Elf Fire Elementalist on Feb 19, 2018.
             Was an Initiate of Vehumet.
             Slain by a killer bee (7 damage)
             ... on level 7 of the Dungeon.
             The game lasted 00:15:28 (7459 turns).

Azzok the Arsonist (Deep Elf Fire Elementalist)     Turns: 7459, Time: 00:15:28

Health: -3/52      AC:  6    Str:  5    XL:     9   Next: 9%
Magic:  3/18       EV: 13    Int: 29    God:    Vehumet [......]
Gold:   327        SH:  0    Dex: 15    Spells: 5/18 levels left

rFire    . . .     SeeInvis +   j - +2 dagger (elec)
rCold    . . .     Gourm    +   (no shield)
rNeg     . . .     Faith    .   r - +1 robe "Hinupuit" {*Corrode Int+5 SInv} (curse)
rPois    .         Spirit   .   p - +0 helmet
rElec    .         Reflect  .   l - +1 cloak
rCorr    .         Harm     .   (no gloves)
MR       .....                  (no boots)
Stlth    ++........             w - amulet of the gourmand
HPRegen  0.17/turn              (no ring)
MPRegen  0.16/turn              (no ring)

@: lethally poisoned (-3 -> -16), marked, very slightly contaminated
A: no striking features
a: Renounce Religion


You were on level 7 of the Dungeon.
You worshipped Vehumet.
Vehumet was noncommittal.
You were not hungry.

You visited 2 branches of the dungeon, and saw 8 of its levels.

You collected 327 gold pieces.

Inventory:

Hand Weapons
 j - a +2 dagger of electrocution (weapon)
 k - a +3 quarterstaff of chaos
Armour
 l - a +1 cloak (worn)
 p - a +0 helmet (worn)
 r - the cursed +1 robe "Hinupuit" (worn) {*Corrode Int+5 SInv}
   (You found it on level 5 of the Dungeon)

   It affects your intelligence (+5).
   It lets you see invisible.
   It may corrode you when you take damage.
   It has a curse placed upon it.
 t - the +2 leather armour of the Blessed Realm {rF+ Regen+}
   (You found it on level 5 of the Dungeon)

   It protects you from fire.
   It increases your rate of regeneration.
Jewellery
 w - an amulet of the gourmand (around neck)
Wands
 u - a wand of polymorph (5)
Scrolls
 a - a scroll of immolation {unknown}
 e - 5 scrolls of remove curse
 f - a scroll of enchant weapon {unknown}
 g - a scroll of teleportation {unknown}
 m - a scroll of fog {unknown}
 s - 2 scrolls of noise {unknown}
 v - a scroll of enchant armour {unknown}
Potions
 c - a potion of flight {unknown}
 d - 4 potions of curing {unknown}
 n - a potion of berserk rage {unknown}
 o - a potion of magic {unknown}
 q - 2 potions of cancellation {unknown}
Comestibles
 b - 6 rations
 i - 8 chunks of flesh


   Skills:
 + Level 3.6 Fighting
 - Level 2.4 Dodging
 - Level 2.4 Stealth
 - Level 5.2 Spellcasting
 + Level 8.2 Conjurations
 + Level 8.9 Fire Magic


You had 5 spell levels left.
You knew the following spells:

 Your Spells              Type           Power        Failure   Level  Hunger
a - Flame Tongue          Conj/Fire      #####        1%          1    None
b - Conjure Flame         Conj/Fire      ######..     1%          3    None
c - Sticky Flame          Conj/Fire      ######..     1%          4    ###....
d - Fireball              Conj/Fire      ######....   4%          5    #####..


Dungeon Overview and Level Annotations

Branches:
Dungeon (7/15)             Temple (1/1) D:6

Altars:
Ashenzari
Cheibriados
Fedhas
Gozag
Hepliaklqana
Kikubaaqudgha
Makhleb
Nemelex Xobeh
Ru
Sif Muna
Uskayaw
Vehumet
Yredelemnul
Zin
The Shining One


Message History

The killer bee stings you but does no damage.
Okay, then.
You feel much better.
You feel sick. The killer bee barely misses you. The killer bee stings you!
You are more poisoned.
The killer bee poisons you! The killer bee stings you. x2
You feel sick. The killer bee misses you. The killer bee barely misses you.
* * * LOW HITPOINT WARNING * * *
You feel sick. The killer bee misses you.
The killer bee stings you but does no damage.
* * * LOW HITPOINT WARNING * * *
You feel sick. The killer bee completely misses you. The killer bee misses you.
* * * LOW HITPOINT WARNING * * *
You feel sick. The killer bee stings you.
* * * LOW HITPOINT WARNING * * *
The killer bee stings you!
* * * LOW HITPOINT WARNING * * *
* * * LOW HITPOINT WARNING * * *
You feel sick. The killer bee stings you!
You die...

··········▒ ··· ···[·····▒ ▒▒··▒
········▒ ▒···▒ ▒··?···▒▒ ▒···▒▒
▒▒·····▒▒ ▒····▒▒ ▒▒▒▒▒▒
▒▒·$····▒▒▒▒▒▒·····▒▒▒▒▒▒····▒▒▒
▒··········▒▒··················▒▒
?·····················÷··········
····▒▒▒······h·y@········)······▒
··▒▒▒ ▒▒▒▒·····y················▒
·▒ ▒▒▒··········)········▒▒ ▒
▒▒·····▒▒▒▒▒▒▒▒▒▒▒··▒ ▒▒▒·▒▒▒
▒▒··▒ ▒▒▒ ▒▒·▒ ·▒ ▒· ▒


You could see a hound and 2 killer bees.

Vanquished Creatures
  The ghost of sankara the Ruffian, a novice TrHu (D:4)
  Menkaure (D:4)
  A black bear (D:5)
  A sky beast (D:6)
  3 ice beasts
  A centaur (D:5)
  2 ogres
  A bullfrog (D:7)
  A scorpion (D:5)
  A jelly (D:5)
  2 killer bees (D:7)
  A howler monkey (D:6)
  A hound (D:4)
  2 orc priests
  Crazy Yiuf (D:2)
  A bullfrog skeleton (D:6)
  Natasha (thrice) (D:2)
  2 orc wizards (D:5)
  7 worker ants
  6 gnolls
  11 adders
  A howler monkey skeleton (D:5)
  2 adder skeletons (D:6)
  3 worms
  5 leopard geckos
  9 orcs
  3 giant cockroaches
  5 goblins
  5 hobgoblins
  6 jackals
  5 kobolds
  4 quokkas
  10 bats
  5 frilled lizards
  2 rats
115 creatures vanquished.

Notes
Turn   | Place    | Note
-------+----------+-------------------------------------------
     0 | D:1      | Azzok the Deep Elf Fire Elementalist began the quest for the Orb.
     0 | D:1      | Reached XP level 1. HP: 10/10 MP: 6/6
     0 | D:1      | Noticed an iron dragon
     0 | D:1      | Noticed a tentacled monstrosity
     1 | D:1      | Noticed an orb of fire
     1 | D:1      | Noticed a large abomination
     3 | D:1      | Noticed an ice dragon
     6 | D:1      | Noticed a large abomination
     9 | D:1      | Noticed a large abomination
    10 | D:1      | Noticed a tentacled monstrosity
    12 | D:1      | Noticed a tentacled monstrosity
    14 | D:1      | Noticed a tentacled monstrosity
    14 | D:1      | Noticed a shadow dragon
    16 | D:1      | Noticed a large abomination
    16 | D:1      | Noticed a purple draconian
    18 | D:1      | Noticed an ice dragon
    18 | D:1      | Noticed a yellow draconian
    18 | D:1      | Noticed a green draconian
    20 | D:1      | Noticed an ice dragon
    20 | D:1      | Noticed an orb of fire
   366 | D:1      | Reached XP level 2. HP: 13/15 MP: 1/8
   801 | D:2      | Noticed Natasha
   806 | D:2      | Killed Natasha
   806 | D:2      | Reached XP level 3. HP: 10/19 MP: 3/9
   872 | D:2      | Noticed Natasha
   892 | D:2      | Killed Natasha
   912 | D:2      | Learned a level 3 spell: Conjure Flame
   925 | D:2      | Noticed Natasha
   929 | D:2      | Killed Natasha
   929 | D:2      | Reached XP level 4. HP: 14/24 MP: 6/10
  1064 | D:2      | Learned a level 4 spell: Sticky Flame
  1455 | D:2      | Reached skill level 5 in Fire Magic
  1455 | D:2      | Reached XP level 5. HP: 28/28 MP: 3/11
  2192 | D:2      | Found a runed door.
  2770 | D:2      | Noticed Crazy Yiuf
  2778 | D:2      | Killed Crazy Yiuf
  3676 | D:4      | Noticed Menkaure
  3679 | D:4      | Killed Menkaure
  3679 | D:4      | Reached skill level 5 in Conjurations
  3679 | D:4      | Reached XP level 6. HP: 32/32 MP: 6/12
  3914 | D:4      | Noticed sankara's ghost (novice TrHu)
  4379 | D:4      | Killed sankara's ghost
  4379 | D:4      | Reached XP level 7. HP: 36/36 MP: 0/16
  4649 | D:4      | Learned a level 5 spell: Fireball
  4671 | D:5      | Entered Level 5 of the Dungeon
  4722 | D:5      | Reached skill level 5 in Spellcasting
  4784 | D:5      | Got a smoking robe
  4954 | D:5      | Got a jewelled leather armour
  5041 | D:5      | Reached skill level 1 in Fighting
  5041 | D:5      | Reached XP level 8. HP: 38/43 MP: 10/17
  5442 | D:5      | Identified the cursed +1 robe "Hinupuit" {*Corrode Int+5 SInv} (You found it on level 5 of the Dungeon)
  5443 | D:5      | Identified the +2 leather armour of the Blessed Realm {rF+ Regen+} (You found it on level 5 of the Dungeon)
  5993 | D:5      | Found a deep blue altar of Sif Muna.
  6327 | D:6      | Found a staircase to the Ecumenical Temple.
  6332 | Temple   | Entered the Ecumenical Temple
  6426 | Temple   | Became a worshipper of Vehumet
  7322 | D:7      | Reached XP level 9. HP: 51/51 MP: 7/18
  7459 | D:7      | Slain by a killer bee

Vault maps used:
D:1:      shiori_arrival_whats_in_store_for_you, minmay_misc_feat_cross,
          hangedman_abyss_or_decor_stabs
D:2:      wad_woods_settlement, due_unseen_surprise, uniq_natasha,
          uniq_crazy_yiuf_cottage
D:4:      uniq_menkaure
D:5:      first_ration, lemuel_blue_sif_altar
D:6:      temple_doors_e
D:7:      nicolae_overflow_hidden_temple
Temple:   nicolae_temple_elliptical

Skill      XL: |  1  2  3  4  5  6  7  8 |
---------------+-------------------------+-----
Conjurations   | 2 3 5 6 8 |  8.2
Fire Magic     | 4 5 6 7 8 |  8.9
Spellcasting   | 4 5 |  5.2
Fighting       | 1 3 |  3.6
Dodging        | |  2.4
Stealth        | |  2.4

Action                   |  1- 3 |  4- 6 |  7- 9 || total
-------------------------+-------+-------+-------++-------
Melee: Unarmed           |     1 |     1 |       ||     2
       Dagger            |       |       |     8 ||     8
 Cast: Flame Tongue      |    37 |   111 |    90 ||   238
       Conjure Flame     |       |     7 |     7 ||    14
       Sticky Flame      |       |     3 |     8 ||    11
       Fireball          |       |       |     8 ||     8
  Use: Potion            |       |     1 |     2 ||     3
       Scroll            |       |     1 |     4 ||     5
 Stab: Distracted        |       |       |     1 ||     1
  Eat: Chunk             |       |    11 |    13 ||    24
Armor: Robe              |     3 |     6 |     9 ||    18
Dodge: Dodged            |    13 |    28 |    31 ||    72

Table legend:
 A = Spawn XP
 B = Non-spawn XP
 C = Spawn XP percentage of total XP
 D = Spawn monster count
 E = Non-spawn monster count
 F = Spawn count percentage of total count
 G = Total turns spent on level
                    A         B        C        D         E        F      G
               +---------+---------+-------+---------+---------+-------+---------
         Total |       0 |    3065 |   0.0 |       0 |     115 |   0.0 |  7459
               +---------+---------+-------+---------+---------+-------+---------
           D:1 |       0 |      16 |   0.0 |       0 |      12 |   0.0 |   874
           D:2 |       0 |     300 |   0.0 |       0 |      40 |   0.0 |  2035
           D:3 |       0 |      32 |   0.0 |       0 |      10 |   0.0 |   866
           D:4 |       0 |     739 |   0.0 |       0 |       8 |   0.0 |   898
           D:5 |       0 |     903 |   0.0 |       0 |      20 |   0.0 |  1384
           D:6 |       0 |     679 |   0.0 |       0 |      17 |   0.0 |  1151
           D:7 |       0 |     396 |   0.0 |       0 |       8 |   0.0 |   139
               +---------+---------+-------+---------+---------+-------+---------
